 Dungeon Crawl Stone Soup version 0.30-a0-802-gb92711bcdf (webtiles) character file.

Game seed: 11849753841649603188

18765 cforsyth the Unseen (level 12, -12/72 HPs)
             Began as a Kobold Brigand on Feb 23, 2023.
             Was a Priest of Hepliaklqana.
             Mangled by Harold
             ... wielding a +0 battleaxe
              (38 damage)
             ... on level 10 of the Dungeon.
             The game lasted 00:21:17 (14248 turns).

cforsyth the Unseen (Kobold Brigand)               Turns: 14248, Time: 00:21:18

Health: -12/72     AC:  9    Str:  8    XL:     12   Next: 99%
Magic:  12/12      EV: 26    Int: 14    God:    Hepliaklqana [***...]
Gold:   1167       SH:  0    Dex: 26    Spells: 11/11 levels left

rFire   . . .      SeeInvis .    i - +2 short sword (venom)
rCold   + + .      Faith    .    (no shield)
rNeg    . . .      Spirit   .    n - +1 leather armour {rC+}
rPois   .          Reflect  .    F - +2 helmet
rElec   .          Harm     .    P - +0 cloak of Geynuis {rC+}
rCorr   .          Rampage  .    R - +0 pair of gloves
Will    +....                    (no boots)
Stlth   +++++++                  J - amulet of regeneration
HPRegen 1.12/turn                G - +6 ring of dexterity
MPRegen 0.13/turn                b - ring of willpower

@: about to teleport
A: reduced essence, small, no large weapons, nightstalker 3
a: Renounce Religion, Recall Ancestor, Ancestor Identity, Transference


You were on level 10 of the Dungeon.
You worshipped Hepliaklqana.
Hepliaklqana was most pleased with you.
You visited 2 branches of the dungeon, and saw 12 of its levels.
You also visited: Sewer and Bailey.

You collected 1167 gold pieces.

Inventory:

Hand Weapons
 a - a +2 dagger
 i - a +2 short sword of venom (weapon)
 m - a +3 long sword of freezing
Missiles
 d - 21 poisoned darts (quivered)
 e - 5 curare-tipped darts
 C - 3 datura-tipped darts
Armour
 n - a +1 leather armour of cold resistance (worn)
 F - a +2 helmet (worn)
 P - the +0 cloak of Geynuis (worn) {rC+}
   (You found it on level 6 of the Dungeon)

   rC:        It protects you from cold.
 R - a +0 pair of gloves (worn)
Jewellery
 b - a ring of willpower (right hand)
 y - a ring of flight
 B - a +4 ring of protection
 G - a +6 ring of dexterity (left hand)
 J - an amulet of regeneration (around neck)
 M - a ring of see invisible
 N - a ring of positive energy
 Q - a ring of fire
 V - an amulet of faith
Wands
 c - a wand of roots (6)
 x - a wand of digging (9)
 E - a wand of flame (38)
 K - a wand of charming (18)
 T - a wand of acid (2)
 U - a wand of mindburst (8)
Scrolls
 g - a scroll of magic mapping
 h - 7 scrolls of teleportation
 j - 4 scrolls of immolation
 l - a scroll of poison
 o - 5 scrolls of fear
 p - 2 scrolls of acquirement
 u - a scroll of vulnerability {unknown}
 v - 2 scrolls of blinking
 z - a scroll of noise {unknown}
 L - 3 scrolls of enchant weapon {unknown}
 S - a scroll of amnesia {unknown}
Potions
 f - 3 potions of invisibility
 k - 3 potions of curing
 q - a potion of cancellation
 r - 3 potions of lignification
 s - 2 potions of heal wounds
 t - 3 potions of might
 w - 3 potions of attraction {unknown}
 A - 2 potions of haste {unknown}
 D - a potion of mutation {unknown}
 H - a potion of flight {unknown}
 I - 2 potions of brilliance {unknown}
 O - 8 potions of degeneration
 W - 2 potions of magic


   Skills:
 + Level 11.5 Fighting
 + Level 13.5 Short Blades
 - Level 2.1 Throwing
 + Level 12.3 Dodging
 + Level 15.2 Stealth


You had 11 spell levels left.
You didn't know any spells.
Your spell library contained the following spells:

 Spells                   Type           Power      Damage    Failure   Level
 Beastly Appendage        Tmut           0%         N/A       38%         1
 Freeze                   Ice            0%         1d3       38%         1
 Magic Dart               Conj           0%         1d3       38%         1
 Sandblast                Erth           0%         2d4       38%         1
 Call Imp                 Summ           0%         N/A       54%         2
 Passwall                 Tmut/Erth      0%         N/A       54%         2
 Wereblood                Tmut           0%         N/A       54%         2
 Frozen Ramparts          Ice            0%         1d1       77%         3
 Hailstorm                Conj/Ice       0%         3d3       77%         3
 Mephitic Cloud           Conj/Pois/Air  0%         N/A       77%         3
 Portal Projectile        Hex/Tloc       0%         N/A       77%         3
 Spider Form              Tmut/Pois      0%         N/A       77%         3
 Stone Arrow              Conj/Erth      0%         3d7       77%         3
 Summon Guardian Golem    Hex/Summ       0%         N/A       77%         3
 Tukima's Dance           Hex            0%         N/A       77%         3
 Olgreb's Toxic Radiance  Pois           0%         N/A       99%         4
 Passage of Golubria      Tloc           0%         N/A       99%         4
 Blade Hands              Tmut           0%         N/A       100%        5
 Yara's Violent Unravell  Hex/Tmut       0%         3d3       100%        5
 Orb of Destruction       Conj           0%         9d5       100%        7
 Spellforged Servitor     Conj/Summ      0%         N/A       100%        7


Dungeon Overview and Level Annotations

Branches:
Dungeon (11/15)            Temple (1/1) D:7            Lair (0/5) D:10
    Orc (0/2) D:11          Sewer (visited)          Bailey (visited)

Altars:
Ashenzari
Cheibriados
Dithmenos
Elyvilon
Fedhas
Gozag
Hepliaklqana
Kikubaaqudgha
Makhleb
Nemelex Xobeh
Okawaru
Qazlal
Ru
Sif Muna
Trog
Uskayaw
Vehumet
Wu Jian
Xom
Yredelemnul
Zin
The Shining One

Annotations:
D:10 Harold, Josephine


Innate Abilities, Weirdness & Mutations

Your life essence is reduced to manifest your ancestor. (-10% HP)
You are small and have problems with some larger weapons.
You are completely attuned to the shadows.


Message History

You hit Harold but do no damage.
You hear a shout!
You barely miss Harold. Harold misses you. The kobold completely misses you.
You hit Josephine.
Josephine is lightly wounded.
You hit Josephine but do no damage.
Josephine is lightly wounded.
Harold drinks a potion.
Harold seems to grow stronger.
The kobold hits Josephine but does no damage.
Josephine completely misses you.
You puncture Josephine!
Josephine is moderately wounded.
You hit Josephine.
Josephine is moderately wounded.
Harold completely misses you. The kobold closely misses you.
A wraith comes into view.
Josephine hits you with a +1 dagger of holy wrath.
You hit Josephine.
Josephine is poisoned.
Josephine is moderately wounded.
You hit Josephine.
Josephine is moderately wounded.
Harold closely misses you. The kobold completely misses you.
Josephine hits you with a +1 dagger of holy wrath!
You hit Josephine.
Josephine looks as sick as possible!
Josephine is moderately wounded.
Josephine attacks as you move away! Josephine barely misses you.
Things that are here:
a +0 dagger; a scroll labelled SAELUP DORUFF; 20 gold pieces Josephine attacks as you move away!
Josephine closely misses you.
There is a stone staircase leading up, spattered with blood here.
Harold hits you with a +0 battleaxe! Josephine draws life force from you!
Josephine is healed by the life force!
You climb upwards.
There is a stone staircase leading down, spattered with blood here.
As you read the scroll of teleportation, it crumbles to dust.
You feel strangely unstable.
Harold asks, "Do you mind if I name my boat the 'cforsyth'?
Your head will be paying for it, after all."
Harold hits you with a +0 battleaxe!!!
Ouch! That really hurt!
You die...

#....#......'....#..
#....#####..#....###
##############.....#
#...........#.....#
#...........#.....'
###'####.....#.....#
#......####'##......
#.@?@...............
#.)@................
#..)[...............
#............R......
##############'##'##
#.....'.......#
####∩....#.......+
####...§§####.#######
#....§§.§.§.#.#####..
#.≈≈§§≈§≈≈≈....#..+..


You could see Harold (strong) and Josephine (very poisoned).

Vanquished Creatures
  3 two-headed ogres
  Lodul (D:10)
  Pikel (Temple)
  2 ugly things
  3 orc knights
  A cyclops (D:11)
  Joseph (D:10)
  An unseen horror zombie (D:8)
  A gargoyle (D:10)
  Maggie (D:10)
  4 kobold demonologists
  A hornet (D:9)
  12 yaks
  2 wyverns (D:10)
  2 steam dragons
  4 vampire mosquitoes (D:10)
  4 water moccasins
  Pargi (Sewer)
  21 orc warriors
  3 black bears
  2 ice beasts (D:7)
  2 sky beasts
  A centaur (D:10)
  13 ogres
  2 lemures
  A phantom (D:6)
  2 kobold brigands
  2 bullfrogs (D:7)
  A gnoll sergeant (D:10)
  3 necrophages
  5 scorpions
  14 wights
  8 killer bees
  2 howler monkeys (D:8)
  4 hounds
  2 jellies
  3 orc priests
  Natasha (thrice) (D:2)
  2 iguanas
  9 orc wizards
  9 gnolls
  A howler monkey zombie (D:8)
  4 adders
  3 river rats (D:3)
  A white imp (D:5)
  3 ufetubi
  4 worms
  A dart slug (D:4)
  43 orcs
  5 bats
  7 endoplasms
  3 giant cockroaches
  9 goblins
  8 hobgoblins
  16 kobolds
  2 quokkas (D:1)
  15 ball pythons
  6 frilled lizards
  6 rats
  A butterfly (D:10)
297 creatures vanquished.

Vanquished Creatures (collateral kills)
  An unseen horror (D:11)
  2 yaks (D:11)
  A water moccasin (D:9)
  3 orc warriors
  A swamp drake (D:11)
  An ogre (D:10)
  A wight (D:8)
  2 killer bees (D:10)
  An electric eel (Bailey)
  An orc wizard (D:11)
  2 gnolls
  8 orcs
  A goblin (Bailey)
25 creatures vanquished.

Vanquished Creatures (others)
  An ancestor (D:9)
  7 hexers
  10 plants (D:4)
18 creatures vanquished.

Grand Total: 340 creatures vanquished

Notes
Turn   | Place    | Note
-------+----------+-------------------------------------------
     0 | D:1      | cforsyth the Kobold Brigand began the quest for the Orb.
     0 | D:1      | Reached XP level 1. HP: 12/12 MP: 1/1
   253 | D:1      | Reached XP level 2. HP: 18/18 MP: 2/2
   523 | D:1      | Reached XP level 3. HP: 22/22 MP: 3/3
  1172 | D:2      | Noticed Natasha
  1180 | D:2      | Killed Natasha
  1181 | D:2      | Reached XP level 4. HP: 18/28 MP: 4/4
  1476 | D:2      | Noticed Natasha
  1485 | D:2      | Killed Natasha
  1486 | D:2      | Reached skill level 6 in Stealth
  2077 | D:2      | Noticed Natasha
  2404 | D:2      | Killed Natasha
  2405 | D:2      | Reached XP level 5. HP: 28/32 MP: 5/5
  2644 | D:3      | Found a glowing drain.
  2714 | Sewer    | Entered a sewer
  2734 | Sewer    | Noticed Pargi
  2746 | Sewer    | Killed Pargi
  2747 | Sewer    | Reached XP level 6. HP: 21/38 MP: 6/6
  3601 | D:3      | Found a faded altar of an unknown god.
  4075 | D:4      | You fall into a shaft and drop 2 floors!
  4127 | D:6      | Reached skill level 5 in Short Blades
  4127 | D:6      | Reached skill level 7 in Stealth
  4273 | D:6      | Reached XP level 7. HP: 43/43 MP: 7/7
  4354 | D:5      | Entered Level 5 of the Dungeon
  4796 | D:4      | Reached skill level 5 in Fighting
  4796 | D:4      | Reached skill level 5 in Dodging
  4796 | D:4      | Reached XP level 8. HP: 37/49 MP: 8/8
  4965 | D:4      | Reached skill level 8 in Stealth
  5923 | D:5      | Reached skill level 9 in Stealth
  6180 | D:6      | Reached XP level 9. HP: 42/55 MP: 9/9
  6430 | D:6      | Identified the +0 cloak of Geynuis {rC+}
  6964 | D:7      | Noticed a two-headed ogre
  6968 | D:7      | Killed a two-headed ogre
  6969 | D:7      | Reached skill level 10 in Stealth
  7077 | D:7      | Reached XP level 10. HP: 55/63 MP: 10/10
  7198 | D:7      | Found a staircase to the Ecumenical Temple.
  7218 | D:7      | Noticed Pikel
  7241 | Temple   | Entered the Ecumenical Temple
  7333 | Temple   | Became a worshipper of Hepliaklqana the Forgotten
  7374 | Temple   | Killed Pikel
  7375 | Temple   | Reached skill level 11 in Stealth
  8240 | D:7      | Found a shimmering blue altar of Sif Muna.
  8308 | D:8      | Reached skill level 10 in Short Blades
  8608 | D:8      | Reached skill level 12 in Stealth
  8702 | D:8      | Reached * piety under Hepliaklqana
  8795 | D:8      | Reached XP level 11. HP: 63/63 MP: 11/11
  8806 | D:8      | Found a basalt altar of Yredelemnul.
  8899 | D:8      | Found a glowing golden altar of the Shining One.
  9030 | D:8      | Got the Notes on Contaminants
  9625 | D:9      | Reached ** piety under Hepliaklqana
  9626 | D:9      | Remembered your ancestor Centenhua as a hexer
 10015 | D:9      | Found a white marble altar of Elyvilon.
 10498 | D:10     | Entered Level 10 of the Dungeon
 10581 | D:10     | Found a flagged portal.
 10590 | D:10     | Reached skill level 10 in Dodging
 10608 | Bailey   | Entered a bailey
 10676 | Bailey   | Reached skill level 13 in Stealth
 10697 | Bailey   | Noticed an orc knight
 10697 | Bailey   | Noticed an orc knight
 10714 | Bailey   | Killed an orc knight
 10739 | Bailey   | Killed an orc knight
 10852 | Bailey   | Found an iron altar of Okawaru.
 11122 | Bailey   | Reached skill level 10 in Fighting
 11515 | D:10     | Found a shimmering altar of Xom.
 11520 | D:10     | Found a staircase to the Lair.
 11641 | D:10     | Noticed Joseph
 11645 | D:10     | Killed Joseph
 11672 | D:10     | Noticed Maggie
 11676 | D:10     | Killed Maggie
 11758 | D:10     | Reached XP level 12. HP: 57/69 MP: 12/12
 12186 | D:10     | Noticed Lodul
 12212 | D:10     | Killed Lodul
 12213 | D:10     | Reached skill level 14 in Stealth
 12409 | D:10     | Found a stormy altar of Qazlal.
 12428 | D:10     | Found a bloodstained altar of Trog.
 12429 | D:10     | Found an ornate altar of the Wu Jian Council.
 12578 | D:11     | Found an opulent altar of Gozag.
 12720 | D:11     | Found a staircase to the Orcish Mines.
 12733 | D:11     | Reached *** piety under Hepliaklqana
 13571 | D:11     | Noticed a two-headed ogre
 13633 | D:10     | Reached skill level 15 in Stealth
 13971 | D:10     | Killed a two-headed ogre
 14219 | D:11     | Noticed a two-headed ogre
 14226 | D:11     | Noticed Harold
 14231 | D:11     | Killed a two-headed ogre
 14232 | D:11     | Noticed Josephine
 14248 | D:10     | Mangled by Harold

Illustrated notes

Levels and vault maps discovered:
D:1:      wander_arrival_lonely_grave, layout_loops_ring
D:2:      layout_basic, minmay_misc_feat_alley, columned_hall_lemuel,
          uniq_natasha
D:3:      layout_loops_corners, dreamdust_ecumenical_altar_angels_and_demons,
          portal_sewer_entry_e
D:4:      layout_loops_cross, serial_bayou, serial_bayou_pond_e,
          serial_bayou_pond_e, serial_bayou_lagoon_b, serial_bayou_pond_a
D:5:      layout_cave_pools, kennysheep_generic_room_2
D:6:      layout_rooms, kennysheep_generic_room_15
D:7:      layout_basic, led_sif_pool, temple_doors_e, uniq_pikel
D:8:      layout_basic, kennysheep_little_box, lemuel_zombie_altar_yredelemnul,
          kennysheep_generic_room_13
D:9:      layout_layer_cave, nicolae_elyvilon_peaceful_grove
D:10:     layout_gridville, mainiacjoe_overflow_concentric_impassable,
          xom_butterflies, minitemple, lair_entry_dummy, enter_bailey_1,
          uniq_lodul, uniq_joseph, uniq_maggie
D:11:     layout_roguey [special_room_orc], erik_orc_1, hex_large,
          nicolae_gozag_conspicuous_consumption, uniq_harold, uniq_fannar,
          uniq_josephine
Temple:   nicolae_temple_superstar

Skill      XL: |  1  2  3  4  5  6  7  8  9 10 11 12 |
---------------+-------------------------------------+-----
Short Blades   | 3 4 5 6 7 9 10 12 13 | 13.5
Dodging        | 2 3 4 5 6 7 9 10 12 | 12.3
Fighting       | 3 4 5 6 7 9 10 11 | 11.5
Stealth        | 6 7 9 10 12 13 15 | 15.2
Throwing       | |  2.1

Action                     |  1- 3 |  4- 6 |  7- 9 | 10-12 || total
---------------------------+-------+-------+-------+-------++-------
  Melee: Dagger            |    26 |       |       |       ||    26
         Short sword       |    41 |   101 |   208 |   897 ||  1247
         Punch             |       |       |     1 |    19 ||    20
 Invoke: Ancestor Life: He |       |       |       |     1 ||     1
    Use: Scroll            |       |     2 |     8 |     5 ||    15
         Potion            |       |       |       |     3 ||     3
   Stab: Sleeping          |    19 |     9 |    24 |    22 ||    74
         Distracted        |       |     1 |       |    15 ||    16
         Confused          |       |       |       |    14 ||    14
 Armour: Robe              |     3 |    10 |    17 |    21 ||    51
         Leather armour    |       |       |       |    67 ||    67
  Dodge: Dodged            |    29 |    73 |   113 |   668 ||   883

Table legend: (Time is in decaauts)
 A = Elapsed time spent in this place.
 B = Non-inter-level travel time spent in this place.
 C = Inter-level travel time spent in this place.
 D = Time resting spent in this place.
 E = Time spent auto-exploring this place.
 F = Levels seen in this place.
 G = Mean time per level.
                   A        B        C        D        E       F      G
               +--------+--------+--------+--------+--------+-----+--------+
         Total |  13790 |  13275 |    515 |   1514 |   9540 |  14 |  985.0 |
       Dungeon |  12351 |  11874 |    477 |   1187 |   8837 |  11 | 1122.8 |
        Temple |    318 |    280 |     38 |    111 |    135 |   1 |  318.0 |
         Sewer |    323 |    323 |      0 |     65 |    161 |   1 |  323.0 |
        Bailey |    797 |    797 |      0 |    151 |    406 |   1 |  797.0 |
               +--------+--------+--------+--------+--------+-----+--------+

Top non-repeatable levels by time:
     D:2: 1923 daAuts
    D:10: 1876 daAuts
     D:9: 1278 daAuts
     D:7: 1058 daAuts
     D:6: 1046 daAuts
     D:3: 1045 daAuts
     D:4: 959 daAuts
     D:5: 943 daAuts
  Bailey: 797 daAuts
    D:11: 793 daAuts
     D:8: 746 daAuts
     D:1: 679 daAuts
   Sewer: 323 daAuts
  Temple: 318 daAuts
